 Dungeon Crawl Stone Soup version 0.32-a0-996-gb3226c233f (webtiles) character file.

Game seed: 17247264881363665014

60 Ijustatesigmund the Chopper (level 3, -6/34 HPs)
             Began as a Mountain Dwarf Monk on Apr 23, 2024.
             Mangled by a wyvern (11 damage)
             ... on level 4 of the Dungeon.
             The game lasted 00:03:45 (2274 turns).

Ijustatesigmund the Chopper (Mountain Dwarf Monk)   Turns: 2274, Time: 00:03:45

Health: -6/34      AC:  3    Str: 16    XL:     3   Next: 80%
Magic:  3/3        EV: 11    Int: 10    God:
Gold:   76         SH:  0    Dex: 15    Spells: 2/2 levels left

rFire   . . .        e - +1 hand axe (vamp)
rCold   . . .        d - orb {light}
rNeg    . . .        b - +0 leather armour
rPois   .            (no helmet)
rElec   .            (no cloak)
rCorr   .            (no gloves)
SInv    .            (no boots)
Will    .....        (no amulet)
Stlth   +            (no ring)
HPRegen 0.25/turn    (no ring)
MPRegen 0.08/turn

%: no passive effects
@: glowing
A: runic magic, artefact enchanting, fangs 1, agile 1, strong 1
a: no special abilities


You were on level 4 of the Dungeon.
You visited 1 branch of the dungeon, and saw 4 of its levels.

You collected 100 gold pieces.
You spent 24 gold pieces at shops.

Inventory:

Hand Weapons
 a - a +0 hand axe of freezing
 e - a +1 vampiric hand axe (weapon)
Armour
 b - a +0 leather armour (worn)
 d - an orb of light (worn)
Jewellery
 k - a ring of flight
Scrolls
 c - a scroll of identify
Potions
 j - 2 potions of mutation


   Skills:
 + Level 4.4 Fighting
 + Level 4.8 Axes
 - Level 2.1 Dodging


You had 2 spell levels left.
You didn't know any spells.
Your spell library was empty.

Dungeon Overview and Level Annotations

Branches:
Dungeon (4/15)
 Temple: D:4-7

Altars:

Shops:
D:1 ?:(

Annotations:
D:2 Terence
D:4 Dowan, Duvessa


Innate Abilities, Weirdness & Mutations

Your spellcasting is much less encumbered by armour.
You can use scrolls of enchantment on lesser artefacts.
You have very sharp teeth.
You are agile. (Dex +4, Str/Int -1)
Your muscles are strong. (Str +4, Int/Dex -1)


Message History

No target in view!
No target in view!
No target in view!
No target in view!
HP restored.
You now have 76 gold pieces (gained 19).
You open the door.
An iguana comes into view.
The iguana hisses angrily.
A wyvern comes into view.
There is an open door here.
A kobold comes into view. It is wielding a +0 short sword.
The iguana barely misses you.
You hit the iguana but do no damage. The iguana closely misses you.
You barely miss the wyvern.
Duvessa shouts!
You hit the iguana. The wyvern closely misses you. The iguana bites you!
The wyvern closely misses you.
You hit the iguana.
You feel better.
The iguana is moderately wounded.
You hit the wyvern. The wyvern bites you! The iguana barely misses you.
The wyvern barely misses you. The iguana closely misses you.
The kobold hits you with a +0 short sword.
You are too injured to fight recklessly!
You are too injured to fight recklessly!
You are too injured to fight recklessly!
You are too injured to fight recklessly!
Unknown command.
The air fills with toxic fumes!
As you read the scroll labelled BYVVOO UK QEJO, it crumbles to dust.
It was a scroll of poison.
The wyvern barely misses you. The iguana bites you.
* * * LOW HITPOINT WARNING * * *
The kobold hits you but does no damage.
Okay, then.
As you read the scroll labelled EGINLE USEADO, it crumbles to dust.
It is a scroll of amnesia.
You feel forgetful for a moment.
The wyvern bites you but does no damage.
The wyvern bites you!
You die...

##.## #.##)>.### #..
#...###........#§#
#.#
#..............#§# #
#...###........#§#
######...#...###§#
##..§.....#§§§##
##...§§§.###§§§§##
#....§§§§§##§§§§§###
+....§§§§§§§@l§§e§§§
#....§§§§§#k#K§§§§##
##...§§§.##§#§#§#§#
##..§..###§#§§ §§
##...## #§#§§§ §#
##+## #§#§##§ #
#§#§§ §§ #§### §#


You could see Duvessa, a wyvern, an iguana and a kobold.

Vanquished Creatures
  An adder (D:2)
  4 orcs (D:3)
  3 endoplasms (D:1)
  5 giant cockroaches (D:1)
  6 goblins
  5 hobgoblins
  2 quokkas (D:3)
  3 ball pythons
  3 bats
  3 frilled lizards
  4 kobolds
  5 rats
44 creatures vanquished.

Notes
Turn   | Place    | Note
-------+----------+-------------------------------------------
     0 | D:1      | Ijustatesigmund the Mountain Dwarf Monk began the quest for
                  | the Orb.
     0 | D:1      | Reached XP level 1. HP: 19/19 MP: 1/1
   119 | D:1      | Reached XP level 2. HP: 15/26 MP: 2/2
   179 | D:1      | Found Ymeshrept's Vocational Training.
   236 | D:1      | Found Bekac's Antique Weapon Boutique.
   551 | D:1      | Found Akhifesiys's Magic Scroll Boutique.
   581 | D:1      | Bought a scroll of identify for 24 gold pieces
   746 | D:2      | Reached XP level 3. HP: 33/33 MP: 3/3
  1248 | D:2      | Noticed Terence
  1316 | D:4      | Noticed Duvessa
  1316 | D:4      | Noticed Dowan
  2191 | D:3      | Gained mutation: You are agile. (Dex +4, Str/Int -1)
                  | [potion of mutation]
  2191 | D:3      | Gained mutation: Your muscles are strong. (Str +4, Int/Dex
                  | -1) [potion of mutation]
  2191 | D:3      | Gained mutation: You have very sharp teeth. [potion of
                  | mutation]
  2267 | D:4      | Noticed a wyvern
  2274 | D:4      | Mangled by a wyvern

Illustrated notes

Levels and vault maps discovered:
D:1:      minmay_arrival_three_doors, layout_basic, serial_shops,
          nicolae_shop_stone, shop, minmay_misc_feat_pillars,
          minmay_misc_feat_columns, nicolae_shop_vocational
D:2:      layout_loops_cross, chequers_ecumenical_altar_simple, uniq_terence
D:3:      layout_loops_cross
D:4:      layout_loops_corners, zin_scriptorium, serial_shops,
          nicolae_shop_crystal, uniq_duvessa

Skill      XL: |  1  2 |
---------------+-------+-----
Axes           | 4 |  4.8
Fighting       | 4 |  4.4
Dodging        | |  2.1

Action                     || total
---------------------------++-------
  Melee: Hand axe          ||   115
    Use: Scroll            ||     4
         Potion            ||     3
 Armour: Robe              ||    56
         Leather armour    ||    20
  Dodge: Dodged            ||    67

Table legend: (Time is in decaauts)
 A = Elapsed time spent in this place.
 B = Non-inter-level travel time spent in this place.
 C = Inter-level travel time spent in this place.
 D = Time resting spent in this place.
 E = Time spent auto-exploring this place.
 F = Levels seen in this place.
 G = Mean time per level.
                   A        B        C        D        E       F      G
               +--------+--------+--------+--------+--------+-----+--------+
         Total |   2262 |   2203 |     59 |    554 |   1303 |   4 |  565.5 |
       Dungeon |   2262 |   2203 |     59 |    554 |   1303 |   4 |  565.5 |
               +--------+--------+--------+--------+--------+-----+--------+

Top non-repeatable levels by time:
     D:3: 921 daAuts
     D:1: 681 daAuts
     D:2: 605 daAuts
     D:4: 53 daAuts
